 Dungeon Crawl Stone Soup version 0.22-a0-608-g8a62e23 (webtiles) character file.

22 Hebeh the Firebug (level 2, -1/15 HPs)
             Began as a Deep Elf Fire Elementalist on July 9, 2018.
             Slain by a jackal (2 damage)
             ... on level 1 of the Dungeon.
             The game lasted 00:02:28 (771 turns).

Hebeh the Firebug (Deep Elf Fire Elementalist)       Turns: 771, Time: 00:02:28

Health: -1/15      AC:  2    Str:  5    XL:     2   Next: 68%
Magic:  0/8        EV: 13    Int: 19    God:
Gold:   3          SH:  0    Dex: 15    Spells: 7/8 levels left

rFire    . . .     SeeInvis .   e - +0 short sword
rCold    . . .     Gourm    .   (no shield)
rNeg     . . .     Faith    .   a - +0 robe
rPois    .         Spirit   .   (no helmet)
rElec    .         Reflect  .   (no cloak)
rCorr    .         Harm     .   (no gloves)
MR       .....                  (no boots)
Stlth    ++........             (no amulet)
HPRegen  0.05/turn              (no ring)
MPRegen  0.11/turn              (no ring)

@: no status effects
A: no striking features
a: no special abilities


You were on level 1 of the Dungeon.
You were not hungry.

You visited 1 branch of the dungeon, and saw 1 of its levels.

You collected 3 gold pieces.

Inventory:

Hand Weapons
 d - a +0 dagger
 e - a +0 short sword (weapon)
Missiles
 i - 48 stones (quivered)
Armour
 a - a +0 robe (worn)
 j - a +0 pair of boots
Scrolls
 b - a scroll of magic mapping {unknown}
 f - a scroll of enchant weapon {unknown}
 g - 2 scrolls of amnesia {unknown}
 k - a scroll of identify {unknown}
Potions
 l - 2 potions of lignification {unknown}
 m - a potion of magic {unknown}
Comestibles
 c - 2 rations
 h - 3 chunks of flesh


   Skills:
 + Level 0.3 Fighting
 - Level 2.4 Dodging
 - Level 2.4 Stealth
 * Level 3.5 Spellcasting
 * Level 1.8 Conjurations
 * Level 3.6 Fire Magic


You had 7 spell levels left.
You knew the following spells:

 Your Spells              Type           Power        Failure   Level  Hunger
a - Flame Tongue          Conj/Fire      ##...        4%          1    None

Your spell library contained the following spells:

 Spells                   Type           Power        Failure   Level  Hunger
 Fireball                 Conj/Fire      ##........   77%         5    ######.
 Conjure Flame            Conj/Fire      ##......     14%         3    ###....
 Throw Flame              Conj/Fire      ##....       7%          2    ##.....
 Sticky Flame             Conj/Fire      ##......     41%         4    ####...
 Inner Flame              Hex/Fire       ##......     21%         3    ###....


Dungeon Overview and Level Annotations

Branches:
Dungeon (1/15)

Altars:


Message History

The jackal barely misses you. The kobold completely misses you.
The jackal closely misses you. The kobold closely misses you.
Your magical contamination has completely faded away.
Casting: Flame Tongue (safe; 4% risk of failure)
Confirm with . or Enter, or press ? or * to list all spells.
Aiming: Flame Tongue (safe; 4% risk of failure)
Press: ? - help, Shift-Dir - straight line, f/p - jackal
Aim: a jackal (lightly wounded)
The flame tongue hits the rat.
You kill the rat!
The jackal barely misses you. The kobold closely misses you.
There is a stone staircase leading down here.
The jackal bites you. The jackal bites you.
* * * LOW HITPOINT WARNING * * *
The kobold hits you with a dagger.
* * * LOW HITPOINT WARNING * * *
The jackal bites you.
You die...

###### ###
#....############..
#..h>..........)...
#.@K...............
#........#.........
####+#.............
#..###........
...## #........
#.#.# #.###†###
....# #.. #... ..#
#(... ...+ #(...


You could see a jackal and a kobold.

Vanquished Creatures
  3 bats (D:1)
  4 giant cockroaches (D:1)
  2 goblins (D:1)
  A hobgoblin (D:1)
  3 jackals (D:1)
  A frilled lizard (D:1)
  3 kobolds (D:1)
  2 rats (D:1)
19 creatures vanquished.

Notes
Turn   | Place    | Note
-------+----------+-------------------------------------------
     0 | D:1      | Hebeh the Deep Elf Fire Elementalist began the quest for the Orb.
     0 | D:1      | Reached XP level 1. HP: 10/10 MP: 6/6
   562 | D:1      | Reached XP level 2. HP: 15/15 MP: 5/8
   771 | D:1      | Slain by a jackal

Vault maps used:
D:1:      dpeg_arrival_tiny_c

Action                   || total
-------------------------++-------
Melee: Short sword       ||     3
Throw: Stone             ||     3
 Cast: Flame Tongue      ||    33
Armor: Robe              ||     4
Dodge: Dodged            ||    35

Table legend:
 A = Spawn XP
 B = Non-spawn XP
 C = Spawn XP percentage of total XP
 D = Spawn monster count
 E = Non-spawn monster count
 F = Spawn count percentage of total count
 G = Total turns spent on level
                    A         B        C        D         E        F      G
               +---------+---------+-------+---------+---------+-------+---------
         Total |       0 |      32 |   0.0 |       0 |      19 |   0.0 |   771
               +---------+---------+-------+---------+---------+-------+---------
           D:1 |       0 |      32 |   0.0 |       0 |      19 |   0.0 |   771
               +---------+---------+-------+---------+---------+-------+---------
